Description

d

Replay - FukyounoGG v Nisho - Automaton LE

Build Order

Get SALT Encoding   

  12  0:00  Probe  
  13  0:13  Probe  
  14  0:18  Pylon  
  14  0:24  Probe  
  15  0:33  Probe  
  15  0:38  Gateway  
  15  0:41  Probe  
  16  0:47  Assimilator  
  17  0:51  Probe  
  17  0:56  Assimilator  
  18  1:00  Probe  
  19  1:08  Probe  
  19  1:12  Gateway  
  19  1:17  Probe  
  21  1:25  Cybernetics Core  
  21  1:30  Probe  
  22  1:39  Pylon  
  23  1:52  Warp Gate  
  23  2:01  Adept x2  
  23  2:06  Robotics Facility  
  27  2:31  Stalker x2  
  31  2:38  Pylon  
  31  2:50  Immortal  
  35  3:00  Shield Battery  
  35  3:05  Gateway  
  35  3:16  Pylon  
  35  3:30  Warp Prism  
  38  3:43  Stalker x2  
  42  4:21  Warp Prism  
  42  4:22  Stalker x2  
  42  4:31  Pylon  
  42  4:36  Stalker x2  
  44  4:47  Stalker  
  46  5:00  Stalker  
  46  5:27  Warp Prism  
  42  6:00  Nexus  
  42  6:03  Sentry  
  45  6:29  Sentry  
  54  7:06  Twilight Council  
  53  7:18  Immortal  
  56  7:40  Gateway x2, Charge  
  57  7:49  Templar Archives  
  57  7:51  Sentry x2  
  59  7:57  Observer  
  62  8:03  Sentry  
  64  8:23  Shield Battery x2  
  68  8:44  Gateway x2  
  68  8:53  Zealot x2  
  72  9:00  Zealot x2  
  76  9:09  Forge  
  76  9:18  Assimilator x2  
  76  9:28  High Templar x2  
  84  9:36  Archon  
  76  9:51  Zealot x4  
Spawning Tool Build Advisor. Get it on Overwolf

Analysis

d

Go to:

Details

  • Created by: ftuttle4
  • Published on: May 13, 2019
  • Modified on: May 13, 2019
  • Patch: 4.7.1
Show
View Real Time Build Order
Export as new Build Order

Comments (0)

There are no comments. Be the first!

Create an account to comment!